 Dungeon Crawl Stone Soup version 0.30-a0-743-gbfdf073431 (webtiles) character file.

Game seed: 238496384676949291

149 kingofthe the Magician (level 5, -3/31 HPs)
             Began as an Octopode Conjurer on Feb 8, 2023.
             Slain by a river rat (6 damage)
             ... in a sewer.
             The game lasted 00:09:11 (3632 turns).

kingofthe the Magician (Octopode Conjurer)          Turns: 3632, Time: 00:09:11

Health: -3/31      AC:  1    Str:  6    XL:     5   Next: 31%
Magic:  11/11      EV: 13    Int: 21    God:
Gold:   221        SH:  0    Dex: 12    Spells: 6/12 levels left

rFire   . . .      SeeInvis .    (no weapon)
rCold   . . .      Faith    .    (no shield)
rNeg    . . .      Spirit   .    (helmet restricted)
rPois   .          Reflect  .    (no amulet)
rElec   .          Harm     .    h - ring of flight
rCorr   .          Rampage  .    (no ring)
Will    .....                    (no ring)
Stlth   ++++                     (no ring)
HPRegen 0.25/turn                (no ring)
MPRegen 0.12/turn                (no ring)
                                 (no ring)
                                 (no ring)

@: flying
A: almost no armour, amphibious, 8 rings, camouflage 1, gelatinous body 1,
nimble swimmer 1, tentacles
a: no special abilities


You were in a sewer.
You visited 1 branch of the dungeon, and saw 4 of its levels.
You also visited: Sewer.

You collected 221 gold pieces.

Inventory:

Jewellery
 h - a ring of flight (left tentacle)
Wands
 t - a wand of iceblast (12)
Scrolls
 b - 3 scrolls of teleportation {unknown}
 c - a scroll of enchant armour {unknown}
 e - a scroll of noise {unknown}
 f - 3 scrolls of magic mapping {unknown}
 g - a scroll of fear {unknown}
 j - a scroll of summoning {unknown}
 l - 3 scrolls of identify {unknown}
 o - a scroll of immolation {unknown}
 p - a scroll of silence {unknown}
 u - a scroll of blinking {unknown}
Potions
 a - 3 potions of magic
 d - 3 potions of heal wounds {unknown}
 i - 2 potions of flight {unknown}
 k - 2 potions of curing {unknown}
 m - a potion of haste {unknown}
 n - a potion of attraction {unknown}
 q - a potion of resistance {unknown}
 r - a potion of lignification {unknown}
 s - a potion of mutation {unknown}
 v - a potion of berserk rage {unknown}


   Skills:
 + Level 2.2 Dodging
 + Level 3.1 Stealth
 + Level 4.4 Spellcasting
 + Level 4.1 Conjurations
 + Level 0.6 Hexes


You had 6 spell levels left.
You knew the following spells:

 Your Spells              Type           Power      Damage    Failure   Level
a - Magic Dart            Conj           88%        1d7       1%          1
b - Searing Ray           Conj           44%        2d6       3%          2
c - Dazzling Flash        Conj/Hex       28%        N/A       13%         3

Your spell library contained the following spells:

 Spells                   Type           Power      Damage    Failure   Level
 Sandblast                Erth           8%         2d5       12%         1
 Stone Arrow              Conj/Erth      26%        3d8       14%         3
 Cigotuvi's Dreadful Rot  Necr/Pois/Air  8%         N/A       17%         2
 Passwall                 Tmut/Erth      3%         N/A       17%         2
 Tukima's Dance           Hex            7%         N/A       26%         3
 Gell's Gravitas          Tloc           4%         N/A       34%         3
 Ignite Poison            Fire/Tmut/Pois 4%         N/A       34%         3
 Kindle Blastsparks       Fire/Tloc/Air  8%         2d10      34%         3
 Ozocubu's Armour         Ice            4%         N/A       34%         3
 Teleport Other           Tloc           4%         N/A       34%         3
 Fulminant Prism          Conj/Hex       7%         3d7       38%         4
 Iskenderun's Mystic Bla  Conj/Tloc      13%        2d5       43%         4
 Dispel Undead            Necr           4%         3d7       75%         4
 Passage of Golubria      Tloc           4%         N/A       75%         4
 Freezing Cloud           Conj/Ice/Air   5%         6-21      87%         5
 Metabolic Englaciation   Hex/Ice        3%         N/A       95%         5
 Yara's Violent Unravell  Hex/Tmut       3%         3d4       95%         5
 Death Channel            Necr           2%         N/A       100%        6
 Dispersal                Tloc           2%         N/A       100%        6
 Simulacrum               Ice/Necr       2%         N/A       100%        6


Dungeon Overview and Level Annotations

Branches:
Dungeon (4/15)              Sewer (1/1)
 Temple: D:4-7

Altars:
Fedhas
Gozag

Shops:
D:1 (   D:3 [


Innate Abilities, Weirdness & Mutations

You cannot wear most types of armour.
You are amphibious.
You can wear up to eight rings at the same time.
Your skin changes colour to match your surroundings (Stealth+).
Your rubbery body absorbs attacks. (AC +1, EV +1)
You are camouflaged when in or above water. (Stealth+)
You have tentacles for arms and can constrict up to eight enemies at once.


Message History

The quokka is severely wounded.
The magic dart hits the quokka but does no damage.
The quokka is severely wounded.
The quokka closely misses you. The quokka bites you.
The magic dart hits the quokka.
You kill the quokka!
The magic dart hits the giant cockroach.
The giant cockroach is heavily wounded.
The magic dart hits the giant cockroach.
The giant cockroach is severely wounded.
The magic dart hits the giant cockroach.
You kill the giant cockroach!
You start resting.
HP restored.
You start resting.
Magic restored.
You reach down and open the large door.
There is a large open door here.
You now have 187 gold pieces (gained 12).
You now have 195 gold pieces (gained 8).
You now have 206 gold pieces (gained 11).
You now have 221 gold pieces (gained 15).
There is a large open door here.
You reach down and open the large door. 4 adders come into view.
You reach down and close the large door.
Found two gates leading back out of this place.
You reach down and open the large door. 4 river rats come into view.
The magic dart hits the river rat.
The river rat is heavily wounded.
The river rat attacks as you move away! The river rat bites you!
The river rat attacks as you move away! The river rat barely misses you.
The river rat attacks as you move away! The river rat bites you.
The river rat attacks as you move away! The river rat barely misses you.
The river rat attacks as you move away! The river rat bites you!
* * * LOW HITPOINT WARNING * * *
The river rat attacks as you move away! The river rat bites you!
* * * LOW HITPOINT WARNING * * *
The river rat attacks as you move away! The river rat bites you.
You die...

###..####~≈~#
#S#..#.##~≈~#
#S+..'.##~≈~#
#S+..'.##~≈.#
#S#..#.##.≈~# #
#..####.≈.# #.~#
#.≈~# #rr# #.≈~#
≈~####~@####~≈.#
~~~~~~~~~~~~~≈~#
≈≈≈≈≈≈~~≈≈≈≈≈≈~#
~~~..~~.~.~~~.~#
############≈≈≈#
#≈≈≈# #≈≈≈#
#≈≈≈# #≈≈≈#


You could see 2 river rats.

Vanquished Creatures
  4 adders
  A river rat (Sewer)
  3 worms
  3 dart slugs
  An orc (D:3)
  4 endoplasms
  5 giant cockroaches
  8 goblins
  9 hobgoblins
  6 quokkas
  8 ball pythons
  16 bats
  7 frilled lizards
  5 kobolds
  7 rats
87 creatures vanquished.

Vanquished Creatures (others)
  4 toadstools (D:1)
4 creatures vanquished.

Grand Total: 91 creatures vanquished

Notes
Turn   | Place    | Note
-------+----------+-------------------------------------------
     0 | D:1      | kingofthe the Octopode Conjurer began the quest for the
                  | Orb.
     0 | D:1      | Reached XP level 1. HP: 11/11 MP: 3/3
   124 | D:1      | Reached XP level 2. HP: 17/17 MP: 0/5
   329 | D:1      | Learned a level 2 spell: Searing Ray
   687 | D:1      | Reached XP level 3. HP: 21/21 MP: 4/7
  1020 | D:1      | Found Kyihig's Weapon Shoppe.
  1221 | D:1      | Learned a level 3 spell: Dazzling Flash
  1376 | D:2      | Reached XP level 4. HP: 17/27 MP: 1/10
  2435 | D:3      | Found a large runed translucent door.
  2436 | D:3      | Found a large runed translucent door.
  2514 | D:3      | Found Bioreev's Antique Armour Shoppe.
  2904 | D:3      | Found an opulent altar of Gozag.
  2931 | D:3      | Found a blossoming altar of Fedhas.
  3104 | D:4      | Reached XP level 5. HP: 31/31 MP: 1/11
  3184 | D:4      | Found a glowing drain.
  3188 | Sewer    | Entered a sewer
  3632 | Sewer    | Slain by a river rat

Illustrated notes

Levels and vault maps discovered:
D:1:      ldierk_walled_garden_2, layout_loops_ring, serial_shops, shop
D:2:      layout_loops_ring
D:3:      layout_rooms, jmf_multi_god_temple2, serial_shops, shop,
          grunt_decor_fettered, dk_vineyard_1, serial_bayou_pond_d
D:4:      layout_basic, overflow_temple_1_default,
          gammafunk_temple_overflow_pools, gup_sewer_entry_spiral
Sewer:    sewer_fruit_machine

Skill      XL: |  1  2  3  4  5 |
---------------+----------------+-----
Spellcasting   | 3 4 |  4.4
Stealth        | 3 |  3.1
Dodging        | |  2.2
Conjurations   | |  4.1
Hexes          | |  0.6

Action                     |  1- 3 |  4- 6 || total
---------------------------+-------+-------++-------
  Melee: Unarmed           |     6 |       ||     6
         Constrict         |     4 |       ||     4
         Tentacles         |     3 |       ||     3
   Cast: Magic Dart        |    66 |    87 ||   153
         Searing Ray       |     2 |     9 ||    11
 Armour: Skin              |     2 |       ||     2
  Dodge: Dodged            |     8 |    12 ||    20

Table legend: (Time is in decaauts)
 A = Elapsed time spent in this place.
 B = Non-inter-level travel time spent in this place.
 C = Inter-level travel time spent in this place.
 D = Time resting spent in this place.
 E = Time spent auto-exploring this place.
 F = Levels seen in this place.
 G = Mean time per level.
                   A        B        C        D        E       F      G
               +--------+--------+--------+--------+--------+-----+--------+
         Total |   3632 |   3560 |     72 |    404 |   2715 |   5 |  726.4 |
       Dungeon |   3188 |   3116 |     72 |    220 |   2521 |   4 |  797.0 |
         Sewer |    443 |    443 |      0 |    184 |    194 |   1 |  443.0 |
               +--------+--------+--------+--------+--------+-----+--------+

Top non-repeatable levels by time:
     D:1: 1291 daAuts
     D:2: 994 daAuts
     D:3: 714 daAuts
   Sewer: 443 daAuts
     D:4: 188 daAuts
